 Dungeon Crawl Stone Soup version 0.23.0 (webtiles) character file.

Game seed: 4927345863907340648

673 kkeya the Cudgeler (level 7, 0/74 HPs)
             Began as a Troll Berserker on Feb 5, 2019.
             Was a Priest of Trog.
             Slain by an adder (2 damage)
             ... in a sewer on Feb 8, 2019.
             The game lasted 00:39:54 (3793 turns).

kkeya the Cudgeler (Troll Berserker)                Turns: 3793, Time: 00:39:55

Health: 0/74       AC:  6    Str: 27    XL:     7   Next: 33%
Magic:  6/6        EV: 11    Int:  3    God:    Trog [***...]
Gold:   167        SH:  0    Dex: 10    Spells: 6/6 levels left

rFire    . . .     SeeInvis .   l - +0 giant club
rCold    + + .     Gourm    +   (shield currently unavailable)
rNeg     . . .     Faith    .   b - +0 animal skin
rPois    +         Spirit   .   (helmet restricted)
rElec    +         Reflect  .   (no cloak)
rCorr    +         Harm     .   (gloves unavailable)
MR       .....                  (boots unavailable)
Stlth    ++........             (no amulet)
HPRegen  0.62/turn              m - ring of ice
MPRegen  0.10/turn              r - ring of stealth

@: lethally poisoned (0 -> 0), resistant, flying
A: large, unfitting armour, claws 3, fast metabolism 3, gourmand, mutation
resistance 1, regeneration 1, robust 1, shaggy fur 1, tough skin 3
a: Berserk, Trog's Hand, Renounce Religion


You were in a sewer.
You worshipped Trog.
Trog was most pleased with you.
You were not hungry.

You visited 2 branches of the dungeon, and saw 6 of its levels.
You also visited: Sewer.

You collected 167 gold pieces.

Inventory:

Hand Weapons
 l - a +0 giant club (weapon)
 n - a +0 mace
 s - a +0 scimitar
Missiles
 d - 12 tomahawks (quivered)
 g - 4 javelins
 k - 68 stones
Armour
 b - a +0 animal skin (worn)
 f - a +0 buckler
Jewellery
 m - a ring of ice (left claw)
 r - a ring of stealth (right claw)
Wands
 e - a wand of random effects (18)
Scrolls
 i - 4 scrolls of identify
 t - 4 scrolls of amnesia
 v - 2 scrolls of remove curse
Potions
 a - a potion of cancellation
 h - a potion of lignification
 j - 2 potions of flight
Comestibles
 c - a ration
 p - 3 chunks of flesh


   Skills:
 + Level 3.7 Fighting
 + Level 6.3 Maces & Flails
 + Level 0.3 Throwing
 + Level 3.6 Dodging
 + Level 0.3 Stealth
 + Level 0.1 Evocations


You had 6 spell levels left.
You didn't know any spells.
Your spell library was empty.

Dungeon Overview and Level Annotations

Branches:
Dungeon (5/15)             Temple (1/1) D:4

Altars:
Dithmenos
Fedhas
Hepliaklqana
Nemelex Xobeh
Okawaru
Ru
Sif Muna
Trog
Uskayaw
Wu Jian
Xom
Zin


Innate Abilities, Weirdness & Mutations

You are too large for most types of armour.
You have claws for hands.
Your metabolism is lightning-fast.
You like to eat raw meat.
Your natural rate of healing is unusually fast.
You are covered in fur. (AC +1)
You have extremely tough skin. (AC +3)
You are somewhat resistant to further mutation.
You are robust. (+10% HP)


Message History

The ball python bites you but does no damage.
The rat bites you but does no damage. x2; The rat barely misses you.
The adder bites you but does no damage.
The ball python bites you but does no damage.
The rat misses you. The rat bites you but does no damage.
You feel sick. The rat bites you but does no damage.
The adder barely misses you.
The rat bites you but does no damage. x2
The rat bites you but does no damage. The rat barely misses you.
You feel sick.
The rat twitches its whiskers.
You feel a little less mighty now. The rat barely misses you.
You feel sick. The adder bites you but does no damage.
The adder is no longer paralysed.
You feel sick.
The rat twitches its whiskers.
The adder bites you.
* * * LOW HITPOINT WARNING * * *
The adder bites you.
You die...

≈≈≈≈≈≈.....##
#≈≈≈≈≈≈....#
#≈≈≈≈≈≈.÷.##
.≈≈≈≈≈≈≈...####
.≈≈≈≈≈≈≈..###∩#
.≈≈≈≈≈≈≈..###.#
..≈≈≈≈≈≈...#..#
..≈≈≈≈≈≈.....##
...≈≈≈≈≈.@....#
....≈≈≈.Sr...##
.....≈≈.Srrr..##
....≈≈≈...r....##
.....≈≈..S......##
.....≈≈≈..J...#..#
.....≈≈......###.#
.....≈≈≈.....###∩#
#...≈≈.†..÷..####


You could see an ooze, 2 adders, a ball python and 5 rats.

Vanquished Creatures
  3 ogres
  2 phantoms (D:4)
  2 hounds (D:4)
  2 worker ants (D:4)
  A river rat (Sewer)
  3 adders
  An ooze (D:3)
  2 worms (D:3)
  3 dart slugs
  5 leopard geckos
  3 orcs (D:4)
  2 ball pythons
  10 bats
  4 giant cockroaches
  5 goblins
  8 hobgoblins
  7 jackals
  2 quokkas
  5 frilled lizards
  13 kobolds
  18 rats
  12 bushes (Temple)
  7 plants (Temple)
120 creatures vanquished.

Notes
Turn   | Place    | Note
-------+----------+-------------------------------------------
     0 | D:1      | kkeya the Troll Berserker began the quest for the Orb.
     0 | D:1      | Reached XP level 1. HP: 22/22 MP: 0/0
   151 | D:1      | Reached XP level 2. HP: 29/29 MP: 1/1
   159 | D:1      | Reached skill level 3 in Maces & Flails
   721 | D:2      | Reached XP level 3. HP: 36/36 MP: 2/2
   748 | D:2      | Reached ** piety under Trog
  1087 | D:3      | Found an iron altar of Okawaru.
  1196 | D:3      | Upgraded the game from 0.23-b1-67-g8bd44de to 0.23.0
  1407 | D:3      | Reached XP level 4. HP: 44/44 MP: 3/3
  1498 | D:3      | Found a deep blue altar of Sif Muna.
  1755 | D:4      | Noticed an ogre
  1762 | D:4      | Killed an ogre
  1762 | D:4      | Reached skill level 4 in Maces & Flails
  1762 | D:4      | Reached XP level 5. HP: 53/53 MP: 4/4
  1838 | D:4      | Found a staircase to the Ecumenical Temple.
  1845 | Temple   | Entered the Ecumenical Temple
  2726 | D:4      | Reached skill level 5 in Maces & Flails
  2729 | D:4      | Noticed an ogre
  2735 | D:4      | Killed an ogre
  2735 | D:4      | Reached XP level 6. HP: 52/61 MP: 5/5
  3057 | D:4      | Reached *** piety under Trog
  3304 | D:4      | Gained mutation: You are robust. (+10% HP) [potion of
                  | mutation]
  3304 | D:4      | Gained mutation: You are somewhat resistant to further
                  | mutation. [potion of mutation]
  3315 | D:4      | Reached skill level 6 in Maces & Flails
  3315 | D:4      | Reached XP level 7. HP: 37/73 MP: 6/6
  3485 | D:5      | Entered Level 5 of the Dungeon
  3515 | D:5      | Found a glowing drain.
  3541 | Sewer    | Entered a sewer
  3793 | Sewer    | HP: 2/74 [adder (5)]
  3793 | Sewer    | Slain by an adder

Skill      XL: |  1  2  3  4  5  6 |
---------------+-------------------+-----
Maces & Flails | 3 4 5 6 |  6.3
Fighting       | 3 |  3.7
Dodging        | 3 |  3.6
Throwing       | |  0.3
Stealth        | |  0.3
Evocations     | |  0.1

Action                   |  1- 3 |  4- 6 |  7- 9 || total
-------------------------+-------+-------+-------++-------
Melee: Mace              |   139 |    36 |       ||   175
       Giant club        |       |   303 |    94 ||   397
Throw: Tomahawk          |       |     5 |       ||     5
Invok: Berserk           |       |     1 |       ||     1
Evoke: Wand              |       |     2 |     1 ||     3
  Use: Potion            |     3 |     7 |     3 ||    13
       Scroll            |     2 |     4 |     2 ||     8
  Eat: Ration            |     3 |     4 |     1 ||     8
       Chunk             |       |     6 |     2 ||     8
Armor: Animal skin       |    93 |    27 |   134 ||   254
       Skin              |       |    50 |       ||    50
Dodge: Dodged            |   124 |    72 |   168 ||   364
